cohdb
Replays
Latest Replays
All Replays
Popular Replays
Top Player Replays
Match Explorer
How It Works
Community
CoH3 Stats
Reddit
Sign in to upload your games and track your stats! →
Sign in with Steam
Match 39848437
Unlisted
Match 39848437
Overview
Messages
Build Orders
End
Pioneer Squad
Construct Infanterie Kompanie
Grenadier Squad
Grenadier Squad
Grenadier Squad
MG 42 Machine Gun Team
Infanterie Officer Quarters
Construct Luftwaffe Kompanie
221 Scout Car
Jäger Squad
Support Elements
Jäger Squad
Wirbelwind Flakpanzer
Marder III M Tank Destroyer
Selects Terror Battlegroup
Selects Machine Gun Camouflage
Selects Defend the Fatherland
Selects Contempt for the Weak
Medical Bunker
Defend the Fatherland
Jäger Squad
Luftwaffe Officer Quarters
Selects King Tiger Heavy Tank
Pioneer Squad
King Tiger Heavy Tank
Selects Jericho Trumpet
Jericho Trumpet
MadMax
Mace
0
0
Comments
sign in to comment!
No comments posted yet!